 Dungeon Crawl Stone Soup version 0.31-a0-1301-g7e11add784 (webtiles) character file.

Game seed: 8851107519728017119

86 Nattfarinn the Changeling (level 4, -3/38 HPs)
             Began as a Naga Shapeshifter on Dec 19, 2023.
             Slain by a gnoll
             ... wielding a +0 halberd
              (4 damage)
             ... on level 3 of the Dungeon.
             The game lasted 00:03:22 (2100 turns).

Nattfarinn the Changeling (Naga Shapeshifter)       Turns: 2100, Time: 00:03:22

Health: -3/38      AC: 13    Str: 18    XL:     4   Next: 49%
Magic:  4/4        EV:  5    Int:  6    God:
Gold:   123        SH:  0    Dex: 11    Spells: 3/3 levels left

rFire   . .          .
                       - Unarmed
rCold   + . .        (no shield)
rNeg    . . .        l - +8 chain mail of Complete Protection {rPois rC+ rCorr Int-4}
rPois   +            (helmet currently unavailable)
rElec   .            (cloak currently unavailable)
rCorr   +            (gloves currently unavailable)
SInv    +            (no barding)
Will    .....        (no amulet) Stlth
                     (no ring)
HPRegen 0.26/turn    (no ring)
MPRegen 0.09/turn

%: no passive effects
@: short of breath, beast-form, very slow
A: beast (slay +2), AC +1, large, see invisible, deformed body, poison
resistance, slowness 2, spit poison 1, naga tail 1
a: Spit Poison, Begin Untransformation


You were on level 3 of the Dungeon.
You were a hulking beast.
You visited 1 branch of the dungeon, and saw 3 of its levels.

You collected 123 gold pieces.

Inventory:

Armour
 a - a +0 animal skin
 l - the +8 chain mail of Complete Protection (worn) {rPois rC+ rCorr Int-4}
   (You found it on level 2 of the Dungeon)

   Int-4:     It affects your intelligence (-4).
   rC+:       It protects you from cold.
   rPois:     It protects you from poison rCorr: It protects you from acid and
   corrosion.
Talismans
 c - a beast talisman
 d - a flux talisman
 n - a maw talisman
Scrolls
 e - a scroll of torment {unknown}
 f - a scroll of fog {unknown}
 h - a scroll of enchant weapon {unknown}
 i - a scroll of identify {unknown}
 j - a scroll of revelation {unknown}
Potions
 b - a potion of lignification
 g - 4 potions of curing {unknown}
 k - a potion of heal wounds {unknown}
 m - a potion of ambrosia {unknown}
 o - a potion of berserk rage {unknown}


   Skills:
 - Level 1.0 Fighting
 - Level 1.5 Dodging
 - Level 3.0 Unarmed Combat
 + Level 4.8 Shapeshifting


You had 3 spell levels left.
You didn't know any spells.
Your spell library contained the following spells:

 Spells                   Type           Power      Damage    Failure   Level
 Ensorcelled Hibernation  Hex/Ice        0%         N/A       100%        2
 Passwall                 Tmut/Erth      0%         N/A       100%        2
 Swiftness                Air            0%         N/A       100%        3


Dungeon Overview and Level Annotations

Branches:
Dungeon (3/15)

Altars:


Innate Abilities, Weirdness & Mutations

You are a hulking beast.
Your limbs bulge with bestial killing power. (Slay +2)
Your serpentine skin is tough. (AC +1)
You have supernaturally acute eyesight. (SInv)
Armour fits poorly on your strangely shaped body.
Your system is resistant to poisons. (rPois)
You cover ground very slowly.
You can spit poison.
You have a snake-like lower body.


Message History

The gnoll hits you but does no damage.
You hit the gnoll.
The gnoll is heavily wounded.
The gnoll hits you but does no damage. x2
You barely miss the gnoll.
The gnoll is heavily wounded.
The gnoll barely misses you.
The gnoll hits you from afar with a +0 halberd!
You completely miss the gnoll.
The gnoll is heavily wounded.
The gnoll hits you with a +0 whip. The gnoll hits you but does no damage.
You are too injured to fight recklessly!
You are too injured to fight recklessly!
You are too injured to fight recklessly!
You are too injured to fight recklessly!
You are too injured to fight recklessly!
You are too injured to fight recklessly!
You are too injured to fight recklessly!
You are too injured to fight recklessly!
You are too injured to fight recklessly!
You are too injured to fight recklessly!
You are too injured to fight recklessly!
You barely miss the gnoll.
The gnoll is heavily wounded.
The gnoll hits you with a +0 whip.
You are too injured to fight recklessly!
Aiming: Spit Poison (1% risk of failure)
Press: ? - help, Shift-Dir - straight line, f/p - gnoll
Aim: a gnoll, wielding a +0 whip (heavily wounded, 65% to hit)
The splash of poison misses the gnoll.
The splash of poison hits the gnoll!
The gnoll is poisoned.
You kill the gnoll!
The gnoll barely misses you. The gnoll attacks as it pursues you!
The gnoll hits you from afar with a +0 halberd.
The gnoll attacks as it pursues you!
The gnoll hits you from afar with a +0 halberd!
* * * LOW HITPOINT WARNING * * *
The gnoll hits you from afar with a +0 halberd.
You die...

###############
..............
.#####.#####.#
...###.# ##.##
##.....####...####
...###...........#
.#####.####.[.##.#
.......# ##.###h#
..###### #.# #.#
..# #.# #g# ..#
#.# #K# ..# #.#
#)# ..#
#.....).....# ....
....###........
#.### ###.#
#......K. .#
#..>..g..


You could see a gnoll and a kobold.

Vanquished Creatures
  2 gnolls (D:3)
  2 adders
  2 dart slugs
  7 ball pythons
  4 endoplasms
  3 giant cockroaches
  3 hobgoblins
  2 quokkas
  4 bats
  A frilled lizard (D:1)
  8 goblins
  2 kobolds
  4 rats
44 creatures vanquished.

Notes
Turn   | Place    | Note
-------+----------+-------------------------------------------
     0 | D:1      | Nattfarinn the Naga Shapeshifter began the quest for the
                  | Orb.
     0 | D:1      | Reached XP level 1. HP: 18/18 MP: 1/1
   387 | D:1      | Reached XP level 2. HP: 23/25 MP: 2/2
  1018 | D:2      | Reached XP level 3. HP: 12/31 MP: 3/3
  1048 | D:2      | Reached skill level 4 in Shapeshifting
  1558 | D:2      | Identified the +8 chain mail of Complete Protection {rPois
                  | rC+ rCorr Int-4}
  1851 | D:3      | Reached XP level 4. HP: 38/38 MP: 4/4
  2100 | D:3      | HP: 1/38 [gnoll/+0 halberd (11)]
  2100 | D:3      | Slain by a gnoll

Illustrated notes

Levels and vault maps discovered:
D:1:      lightli_arrival_statue_moat, layout_loops_corners,
          minmay_tree_intersection
D:2:      layout_loops_corners
D:3:      layout_loops_ring, nicolae_ecumenical_lake_church, uniq_robin

Skill      XL: |  1  2  3 |
---------------+----------+-----
Shapeshifting  | 4 |  4.8
Fighting       | |  1.0
Dodging        | |  1.5
Unarmed Combat | |  3.0

Action                     |  1- 3 |  4- 6 || total
---------------------------+-------+-------++-------
  Melee: Unarmed           |    92 |    23 ||   115
         Punch             |     2 |       ||     2
Ability: Spit Poison       |    10 |     4 ||    14
 Armour: Animal skin       |    48 |       ||    48
         Chain mail        |    23 |    26 ||    49
  Dodge: Dodged            |    34 |     6 ||    40

Table legend: (Time is in decaauts)
 A = Elapsed time spent in this place.
 B = Non-inter-level travel time spent in this place.
 C = Inter-level travel time spent in this place.
 D = Time resting spent in this place.
 E = Time spent auto-exploring this place.
 F = Levels seen in this place.
 G = Mean time per level.
                   A        B        C        D        E       F      G
               +--------+--------+--------+--------+--------+-----+--------+
         Total |   2750 |   2667 |     83 |      0 |   2354 |   3 |  916.7 |
       Dungeon |   2750 |   2667 |     83 |      0 |   2354 |   3 |  916.7 |
               +--------+--------+--------+--------+--------+-----+--------+

Top non-repeatable levels by time:
     D:1: 1219 daAuts
     D:2: 1154 daAuts
     D:3: 376 daAuts
